Map: Terraform LE (Void)

Players

Tefel - Winner!

  • Race: Zerg Zerg
  • League: Platinum

ChitogeBesto

  • Race: Zerg Zerg
  • League: Master

Event: Lycan League Weekly August #3

VOD

Have the link to the VOD?

Description

Time

  • Played on: Aug. 17, 2015, 12:51 p.m.
  • Length: 5:50

All games in this series

Show
View Real Time Build Order
Export as new Build Order

Tefel Zerg - Winner!

Build Orders: Pool First, Ravager All-In 

Get SALT Encoding   

  12  0:00  Drone  
  13  0:08  Drone  
  14  0:17  Overlord  
  14  0:23  Extractor  
  14  0:24  Drone  
  17  0:35  Drone x2  
  17  0:45  Spawning Pool  
  17  0:48  Drone  
  17  0:54  Drone  
  18  1:11  Hatchery  
  18  1:13  Drone  
  18  1:15  Extractor  
  18  1:18  Drone  
  18  1:26  Drone  
  18  1:31  Queen  
  21  1:38  Drone  
  22  1:48  Overlord  
  22  2:00  Drone, Extractor  
  22  2:07  Queen  
  24  2:09  Drone  
  25  2:19  Metabolic Boost  
  25  2:21  Drone  
  26  2:23  Drone  
  27  2:31  Drone  
  27  2:34  Drone  
  29  2:38  Drone  
  29  2:39  Drone x3  
  33  2:45  Overlord  
  33  2:46  Drone  
  34  2:59  Drone x2  
  34  3:04  Roach Warren  
  35  3:06  Drone x2  
  37  3:14  Overlord  
  37  3:15  Zergling x4  
  37  3:16  Zergling x6  
  37  3:19  Overlord  
  42  3:23  Overlord  
  42  3:44  Roach x5  
  42  3:48  Roach x3  
  56  3:50  Overlord  
  61  4:02  Overlord, Roach  
  61  4:03  Roach  
  61  4:08  Ravager  
  61  4:09  Ravager x3  
  65  4:13  Roach  
  65  4:14  Zergling x2  
  65  4:15  Zergling x4  
  68  4:22  Zergling x4  
  68  4:23  Zergling x4  
  70  4:35  Zergling x2  
  70  4:36  Overlord, Zergling x10  
  76  4:44  Ravager x2  
  78  4:47  Zergling x2  
  79  4:58  Zergling x4  
  81  5:03  Zergling x6  
  81  5:04  Zergling x2  
  79  5:10  Zergling x4  
  79  5:12  Zergling x6  
  83  5:14  Zergling x2  
  83  5:19  Ravager x3, Zergling x2  
  86  5:28  Zergling x2  
  80  5:31  Zergling x2  
Show
View Real Time Build Order
Export as new Build Order

ChitogeBesto Zerg 

Build Orders: Hatch First 

Get SALT Encoding   

  12  0:02  Drone  
  13  0:11  Drone  
  14  0:18  Overlord  
  14  0:25  Drone, Extractor  
  15  0:36  Drone x2  
  17  0:53  Hatchery  
  17  0:57  Drone  
  17  1:10  Spawning Pool  
  16  1:12  Drone  
  16  1:15  Drone  
  18  1:18  Extractor  
  18  1:25  Drone  
  18  1:32  Drone  
  19  1:42  Overlord  
  19  1:56  Drone  
  19  1:57  Queen  
  23  2:01  Zergling x2  
  23  2:05  Queen  
  23  2:07  Drone  
  26  2:13  Drone  
  27  2:18  Metabolic Boost  
  27  2:23  Drone x2  
  27  2:29  Drone  
  30  2:39  Drone x2  
  30  2:41  Queen  
  34  2:49  Baneling Nest  
  33  2:54  Drone x3  
  35  3:00  Drone  
  35  3:05  Overlord  
  36  3:18  Evolution Chamber  
  35  3:21  Drone  
  35  3:24  Roach Warren  
  35  3:30  Drone x5  
  35  3:33  Zergling x2, Extractor  
  40  3:35  Lair, Extractor  
  39  3:44  Evolution Chamber  
  39  3:46  Zergling x6  
  39  3:47  Drone x3  
  42  4:03  Overlord  
  42  4:05  Baneling x2  
  40  4:16  Overlord  
  39  4:17  Drone  
  39  4:32  Roach x2  
  39  4:33  Roach  
  47  4:38  Roach  
  47  4:39  Roach  
  49  4:46  Roach x2  
  53  4:55  Roach x3  
  59  5:03  Overlord x3  
  57  5:20  Overlord x2  
  56  5:27  Zergling x2  
  56  5:28  Zergling x16  

Tags
 
Add a new tag
Caveats
  • Supply blocks, unpowered buildings, or Contaminate may cause inaccurate times.
  • Supply counts are checked every 10 seconds.